 Dungeon Crawl Stone Soup version 0.22.0-76-g6cd1571672 (webtiles) character file.

20 JedernureinKreuz the Conjurer (level 2, 0/20 HPs)
             Began as a Gnoll Conjurer on Sept 16, 2018.
             Slain by a gnoll
             ... wielding a +0 club
              (8 damage)
             ... on level 2 of the Dungeon.
             The game lasted 00:03:53 (744 turns).

JedernureinKreuz the Conjurer (Gnoll Conjurer)       Turns: 744, Time: 00:03:54

Health: 0/20       AC:  5    Str: 10    XL:     2   Next: 79%
Magic:  7/7        EV: 14    Int: 17    God:
Gold:   42         SH:  0    Dex: 15    Spells: 9/10 levels left

rFire    . . .     SeeInvis .   d - +0 dagger (protect)
rCold    . . .     Gourm    .   (no shield)
rNeg     . . .     Faith    .   a - +0 robe
rPois    .         Spirit   .   l - +1 helmet
rElec    .         Reflect  .   q - +0 cloak
rCorr    .         Harm     .   (no gloves)
MR       .....                  (no boots)
Stlth    +++.......             (no amulet)
HPRegen  0.06/turn              (no ring)
MPRegen  0.10/turn              (no ring)

@: no status effects
A: distributed training, fangs 1, strong nose
a: no special abilities


You were on level 2 of the Dungeon.
You were not hungry.

You visited 1 branch of the dungeon, and saw 3 of its levels.

You collected 42 gold pieces.

Inventory:

Hand Weapons
 d - a +0 dagger of protection (weapon)
 o - a +2 whip of freezing
Missiles
 h - 27 arrows
 j - 25 stones (quivered)
 n - 5 needles of frenzy
Armour
 a - a +0 robe (worn)
 l - a +1 helmet (worn)
 q - a +0 cloak (worn)
Jewellery
 f - an uncursed amulet of the acrobat {unknown}
 p - an uncursed ring of resist corrosion {unknown}
Scrolls
 b - 4 scrolls of immolation {unknown}
 e - a scroll of remove curse {unknown}
 g - a scroll of identify {unknown}
 m - 2 scrolls of teleportation {unknown}
Potions
 i - a potion of haste {unknown}
Comestibles
 c - 2 rations


   Skills:
 + Level 0.5 Fighting
 + Level 0.5 Short Blades
 + Level 0.5 Long Blades
 + Level 0.5 Axes
 + Level 0.5 Maces & Flails
 + Level 0.5 Polearms
 + Level 0.5 Staves
 + Level 0.5 Slings
 + Level 0.5 Bows
 + Level 0.5 Crossbows
 + Level 0.5 Throwing
 + Level 0.5 Armour
 + Level 4.5 Dodging
 + Level 4.1 Stealth
 + Level 0.5 Shields
 + Level 0.5 Unarmed Combat
 + Level 4.9 Spellcasting
 + Level 7.0 Conjurations
 + Level 0.3 Hexes
 + Level 0.3 Charms
 + Level 0.3 Summonings
 + Level 0.3 Necromancy
 + Level 0.3 Translocations
 + Level 0.3 Transmutations
 + Level 0.3 Fire Magic
 + Level 0.3 Ice Magic
 + Level 0.3 Air Magic
 + Level 0.3 Earth Magic
 + Level 0.3 Poison Magic
 + Level 0.6 Invocations
 + Level 0.5 Evocations


You had 9 spell levels left.
You knew the following spells:

 Your Spells              Type           Power        Failure   Level  Hunger
a - Magic Dart            Conj           ####         1%          1    None

Your spell library contained the following spells:

 Spells                   Type           Power        Failure   Level  Hunger
 Searing Ray              Conj           ####..       1%          2    #......
 Iskenderun's Mystic Bla  Conj           ####....     8%          4    ####...
 Dazzling Spray           Conj/Hex       ###...       10%         3    ###....
 Force Lance              Conj/Tloc      ###.....     30%         4    ####...
 Fulminant Prism          Conj/Hex       ###.......   30%         4    ####...


Dungeon Overview and Level Annotations

Branches:
Dungeon (3/15)

Altars:


Innate Abilities, Weirdness & Mutations

Your experience applies equally to all skills.
You have very sharp teeth.
Your uncanny sense of smell can sniff out nearby items.


Message History

Aiming: Magic Dart (safe; 1% risk of failure)
Press: ? - help, Shift-Dir - straight line, f/p - worm
Aim: a worm (heavily wounded)
The magic dart hits the worm.
The worm is severely wounded.
Casting: Magic Dart (safe; 1% risk of failure)
Confirm with . or Enter, or press ? or * to list all spells.
Aiming: Magic Dart (safe; 1% risk of failure)
Press: ? - help, Shift-Dir - straight line, f/p - worm
Aim: a worm (severely wounded)
The magic dart hits the worm.
You kill the worm!
You start resting.
Magic restored.
You climb upwards.
The gnoll misses you. The gnoll closely misses you.
The gnoll hits you with a club. The hobgoblin completely misses you.
The gnoll misses you. The gnoll hits you with a flail!
There is a stone staircase leading down here.
The gnoll hits you with a club!
You die...

#####.#.# ∆ ..##.#.#
######......# #
#...##..#.#.### #
#.##......#.#...#########
#..).....................
#[..........###.#########
########g#...............
#....g@g...g...........
#....g##......#########
#.....######### #.....#
#.....# #.....#######
#...........#
#...........#
####........#


You could see 3 gnolls and 2 hobgoblins.

Vanquished Creatures
  A worm (D:3)
  A giant cockroach (D:1)
  3 hobgoblins
  2 bats (D:1)
  2 frilled lizards (D:1)
  2 goblins
  2 kobolds
  7 rats (D:1)
20 creatures vanquished.

Notes
Turn   | Place    | Note
-------+----------+-------------------------------------------
     0 | D:1      | JedernureinKreuz the Gnoll Conjurer began the quest for the
                  | Orb.
     0 | D:1      | Reached XP level 1. HP: 13/13 MP: 6/6
   194 | D:1      | Reached XP level 2. HP: 19/19 MP: 5/7
   744 | D:2      | Slain by a gnoll

Action                   || total
-------------------------++-------
Melee: Dagger            ||    20
       Bite              ||     1
 Cast: Magic Dart        ||    31
 Stab: Sleeping          ||     1
Armor: Robe              ||     3
Dodge: Dodged            ||    16
